Map: [ESL] Waterfall

Players

DRG

  • Race: Zerg Zerg
  • Spawn Location: 1:00

Cure - Winner!

  • Race: Terran Terran
  • Spawn Location: 7:00

Event: DreamHack SC2 Masters 2022 Atlanta (Offline)

VOD

Have the link to the VOD?

Description

Time

  • Played on: Nov. 19, 2022, 11:02 a.m.
  • Length: 16:48

All games in this series

Show
View Real Time Build Order
Export as new Build Order

DRG Zerg 

Build Orders: Hatch First 

Get SALT Encoding   

  12  0:00  Drone  
  13  0:11  Overlord  
  13  0:16  Drone  
  14  0:30  Drone x2  
  16  0:48  Hatchery  
  15  0:51  Drone  
  15  0:55  Drone  
  17  0:58  Drone  
  18  1:09  Extractor  
  17  1:13  Spawning Pool  
  17  1:17  Drone  
  17  1:20  Drone  
  18  1:27  Drone  
  19  1:39  Drone  
  20  1:48  Drone  
  21  2:00  Queen x2  
  26  2:01  Drone x2  
  27  2:10  Overlord  
  27  2:11  Drone  
  28  2:23  Hatchery  
  28  2:25  Drone  
  28  2:28  Drone  
  29  2:32  Drone  
  29  2:33  Drone  
  31  2:39  Queen  
  31  2:43  Metabolic Boost  
  33  2:48  Overlord  
  33  2:50  Drone  
  34  2:53  Drone  
  34  2:55  Drone  
  36  3:03  Overlord  
  36  3:08  Drone x4  
  40  3:15  Queen, Drone  
  43  3:21  Queen  
  43  3:24  Zergling x2  
  43  3:26  Zergling x2  
  47  3:30  Overlord  
  47  3:35  Queen  
  47  3:37  Overlord  
  47  3:50  Drone x4  
  47  3:53  Drone x2  
  49  3:56  Drone x4  
  49  3:59  Drone  
  49  4:02  Drone  
  55  4:05  Drone  
  55  4:08  Queen  
  58  4:13  Queen  
  60  4:17  Overlord  
  60  4:21  Baneling Nest  
  60  4:22  Drone  
  60  4:23  Drone  
  61  4:30  Drone x4  
  65  4:34  Overlord  
  65  4:37  Zergling x8  
  69  4:38  Drone  
  69  4:40  Drone  
  69  4:41  Drone  
  69  4:44  Zergling x2  
  73  4:52  Queen x2  
  73  4:58  Zergling x10  
  81  5:02  Zergling x4  
  81  5:06  Queen  
  75  5:11  Zergling x8  
  74  5:14  Zergling x2  
  74  5:15  Zergling x4  
  74  5:17  Baneling x2  
  74  5:18  Zergling x2  
  73  5:22  Zergling x10  
  73  5:28  Zergling x2, Queen x2  
  74  5:31  Zergling x6  
  74  5:34  Zergling x4  
  76  5:41  Zergling x2  
  76  5:45  Lair  
  76  5:47  Drone x2  
  76  5:48  Drone  
  78  5:50  Extractor  
  78  5:51  Extractor  
  78  5:56  Drone x2  
  77  5:58  Spore Crawler x2  
  77  5:59  Spore Crawler  
  77  6:03  Drone  
  77  6:04  Queen  
  75  6:05  Hatchery  
  75  6:08  Drone x6  
  81  6:13  Overlord  
  81  6:16  Overlord  
  81  6:21  Overlord  
  81  6:25  Overlord  
  81  6:28  Overlord  
  81  6:31  Drone  
  84  6:33  Drone, Extractor  
  84  6:34  Extractor  
  84  6:38  Drone x5  
  84  6:39  Queen  
  86  6:41  Drone x3  
  86  6:43  Drone  
  86  6:44  Centrifugal Hooks  
  90  6:48  Drone x6  
  96  6:55  Zergling x4, Evolution Chamber x2  
  96  7:00  Baneling x8  
  96  7:02  Zergling x4  
  96  7:07  Zergling x2  
  99  7:10  Zergling x4  
  99  7:14  Zergling x2  
  99  7:15  Zergling x6  
  105  7:22  Zerg Ground Armor Level 1, Zerg Melee Weapons Level 1  
  102  7:23  Zergling x8, Infestation Pit  
  105  7:34  Zergling x2  
  105  7:35  Zergling x12  
  112  7:39  Baneling x8  
  112  7:41  Zergling x12  
  118  7:44  Zergling x2  
  118  7:49  Zergling x6  
  121  7:55  Zergling x2  
  121  7:56  Queen  
  121  7:57  Overseer  
  124  8:01  Hive  
  124  8:03  Drone x4  
  124  8:04  Overlord  
  124  8:05  Overlord x3  
  127  8:08  Baneling x5  
  121  8:24  Drone  
  121  8:25  Drone x5  
  121  8:26  Zergling x14  
  134  8:27  Spore Crawler, Baneling x4  
  134  8:30  Zergling x4  
  134  8:33  Zergling x10  
  140  8:37  Baneling x2  
  140  8:38  Zergling x6  
  143  8:41  Zergling x8  
  143  8:43  Baneling x6  
  142  8:49  Zergling x2  
  142  8:50  Zergling x4  
  142  8:53  Zergling x2  
  138  8:56  Zergling x2  
  138  8:57  Zergling x4  
  138  8:59  Overseer  
  138  9:02  Baneling x2  
  141  9:03  Zergling x14  
  141  9:07  Zergling x4  
  150  9:13  Zergling x8  
  150  9:15  Adrenal Glands  
  151  9:20  Hatchery  
  151  9:21  Zerg Ground Armor Level 2  
  151  9:23  Zerg Melee Weapons Level 2  
  148  9:29  Zergling x16  
  146  9:33  Zergling x6  
  146  9:34  Zergling x8  
  146  9:38  Viper x2  
  152  9:39  Overlord x2  
  152  9:42  Overlord  
  147  9:58  Zergling x10  
  147  9:59  Zergling x6  
  138  10:02  Zergling x18  
  141  10:07  Baneling x7  
  141  10:11  Zergling x10  
  141  10:12  Baneling x6, Ultralisk Cavern  
  145  10:20  Zergling x4  
  144  10:21  Pneumatized Carapace  
  144  10:24  Overseer x2  
  144  10:26  Zergling x12  
  141  10:29  Baneling x3  
  141  10:32  Zergling x14  
  141  10:34  Baneling x3  
  148  10:41  Zergling x10  
  153  10:45  Zergling x4  
  154  10:50  Zergling x4  
  154  10:51  Hatchery  
  154  10:53  Zergling x8  
  158  10:59  Zergling x14  
  158  11:00  Chitinous Plating  
  165  11:06  Baneling x3  
  165  11:07  Baneling x2  
  165  11:09  Zergling x6  
  168  11:15  Baneling  
  168  11:16  Baneling x4  
  168  11:18  Zergling x10  
  170  11:28  Zergling x16  
  168  11:37  Zergling x12  
  170  11:43  Zergling x10  
  154  11:50  Ultralisk x2  
  154  11:52  Zergling x2  
  157  12:02  Ultralisk  
  157  12:04  Drone  
  157  12:05  Drone x4  
  166  12:11  Extractor x2  
  154  12:16  Zergling x16  
  154  12:19  Anabolic Synthesis  
  154  12:20  Baneling x8  
  162  12:25  Drone x3  
  162  12:34  Ultralisk  
  162  12:35  Baneling x3  
  166  12:37  Zergling x8  
  166  12:40  Drone x3  
  173  12:56  Zergling x24  
  161  13:00  Zergling x6  
  161  13:01  Zergling x6  
  161  13:03  Zergling x2  
  161  13:04  Zergling x2  
  158  13:15  Zergling x22  
  142  13:27  Ultralisk  
  139  13:35  Viper x2  
  139  13:38  Zerg Ground Armor Level 3, Zerg Melee Weapons Level 3  
  145  13:41  Baneling x4  
  138  13:51  Zergling x18  
  147  13:57  Infestor x2  
  150  14:03  Burrow  
  150  14:04  Baneling x2  
  150  14:07  Zergling x12  
  150  14:08  Overseer  
  150  14:09  Overseer  
  152  14:12  Baneling  
  152  14:13  Baneling x2  
  152  14:15  Zergling x10  
  157  14:22  Baneling  
  157  14:23  Baneling x6  
  144  14:35  Ultralisk  
  144  14:36  Zergling x20  
  142  14:42  Zergling x12  
  143  14:49  Zergling x14  
  148  14:57  Ultralisk  
  139  15:00  Zergling x10  
  139  15:02  Zergling x2  
  139  15:03  Baneling x4  
  141  15:08  Infestor x2  
  141  15:14  Zergling x12  
  146  15:16  Zergling x4  
  148  15:26  Zergling x6  
  150  15:33  Zergling x4  
  147  15:35  Baneling  
  147  15:36  Baneling x3  
  147  15:39  Zergling x6  
  148  15:43  Zergling x16  
  148  15:48  Overlord  
  148  15:49  Queen x2  
  144  15:51  Baneling x3  
  144  15:56  Zergling x2  
  144  15:57  Zergling x8  
  144  16:03  Overlord x2  
  144  16:05  Overlord  
  144  16:10  Hatchery  
  141  16:11  Baneling x10  
  136  16:23  Zergling x8  
  137  16:25  Hatchery  
Show
View Real Time Build Order
Export as new Build Order

Cure Terran - Winner!

Build Orders: Command Center First (CC) 

Get SALT Encoding   

  12  0:00  SCV  
  13  0:12  SCV  
  14  0:16  Supply Depot  
  14  0:24  SCV  
  15  0:38  SCV  
  16  0:50  SCV  
  17  0:59  Command Center  
  17  1:02  SCV  
  18  1:13  Barracks  
  18  1:16  SCV  
  19  1:21  Refinery  
  19  1:28  SCV  
  19  1:30  Refinery  
  20  1:40  SCV  
  21  1:52  SCV  
  22  1:59  Marine  
  23  2:04  Orbital Command  
  23  2:07  Factory  
  23  2:14  Orbital Command  
  23  2:18  Barracks Reactor  
  23  2:29  Supply Depot  
  23  2:30  SCV  
  24  2:40  SCV  
  24  2:42  SCV  
  26  2:52  SCV, Starport  
  26  2:54  SCV  
  26  2:58  Hellion x2  
  32  3:01  Barracks Tech Lab  
  32  3:04  SCV  
  33  3:06  SCV  
  33  3:11  Supply Depot  
  34  3:19  Marauder  
  40  3:20  Hellion x2  
  40  3:22  Concussive Shells  
  40  3:29  Viking  
  42  3:35  Supply Depot  
  42  3:41  Hellion, Marauder  
  44  3:51  SCV x2  
  44  3:55  Armory  
  46  3:58  Supply Depot  
  46  3:59  Medivac  
  48  4:03  Hellion  
  48  4:08  Hellion, Marauder  
  54  4:11  SCV  
  54  4:12  SCV  
  56  4:21  Supply Depot  
  57  4:24  SCV x2  
  57  4:29  Marine  
  57  4:30  Hellion x2  
  63  4:33  Starport Reactor  
  63  4:34  Stimpack  
  63  4:36  SCV x2  
  65  4:44  Supply Depot  
  65  4:48  Marine  
  66  4:56  SCV x2  
  66  5:00  Hellion x2  
  66  5:06  Marine  
  65  5:08  SCV  
  65  5:09  SCV  
  64  5:20  Starport Reactor  
  64  5:21  Barracks x2, Hellion x2  
  62  5:22  SCV x2  
  62  5:24  Marine  
  62  5:27  Engineering Bay  
  67  5:28  Engineering Bay  
  60  5:43  Hellion x2  
  60  5:46  Marine  
  56  5:50  SCV x2  
  56  5:53  Command Center  
  56  5:55  Terran Infantry Weapons Level 1  
  56  5:56  Terran Infantry Armor Level 1  
  56  6:06  SCV x2, Marine  
  56  6:11  Marine x2  
  58  6:13  Factory Reactor  
  58  6:14  Combat Shield  
  58  6:16  Marine  
  58  6:17  Medivac x2, Marine  
  66  6:22  SCV x2, Refinery  
  66  6:23  Refinery  
  68  6:26  Marine  
  68  6:29  Marine x2  
  71  6:34  SCV x2  
  67  6:44  Marine x3  
  67  6:46  SCV x2, Marine  
  67  6:47  Marine  
  71  6:49  Barracks, Medivac x2  
  71  6:51  Barracks  
  71  6:53  Hellion  
  78  6:56  Hellion  
  78  6:58  SCV x2  
  82  7:02  Marine x2  
  82  7:03  Marine  
  82  7:04  Marine x2  
  82  7:08  Orbital Command  
  87  7:20  Marine x3  
  87  7:22  Marine x2  
  90  7:24  Widow Mine x2  
  90  7:25  Medivac x2  
  90  7:29  SCV x2  
  101  7:33  Supply Depot  
  101  7:36  Supply Depot  
  101  7:37  Barracks Reactor x2, Orbital Command  
  101  7:55  SCV x2, Marine x5  
  108  7:58  Medivac x2  
  108  7:59  Widow Mine x2  
  108  8:03  SCV  
  117  8:06  Terran Infantry Weapons Level 2  
  117  8:11  Supply Depot  
  117  8:12  Supply Depot  
  117  8:16  SCV  
  117  8:33  SCV, Widow Mine, Marine x9  
  131  8:34  Widow Mine  
  131  8:37  Supply Depot, SCV x2  
  131  8:38  Supply Depot  
  133  8:47  SCV  
  130  8:50  Marine x3  
  130  8:52  Marine  
  129  8:56  Marine x4  
  129  8:58  Marine  
  129  9:00  Medivac x2, Widow Mine x2  
  142  9:02  Supply Depot  
  142  9:03  Supply Depot  
  142  9:05  Factory  
  142  9:06  Terran Infantry Armor Level 2  
  142  9:08  Marine  
  142  9:09  Refinery  
  143  9:16  Marine x2  
  143  9:17  Marine x4  
  148  9:29  Marine x3  
  148  9:30  Widow Mine x2  
  153  9:34  Marine x3  
  154  9:40  Command Center, Marine x3  
  156  9:47  Marine  
  156  9:48  Marine x2  
  156  9:52  Marine x2  
  160  10:04  Marine x4  
  160  10:05  Marine  
  160  10:06  Widow Mine  
  165  10:08  Factory Tech Lab  
  165  10:11  Supply Depot  
  165  10:13  Supply Depot x2  
  165  10:14  Supply Depot  
  165  10:20  Medivac, Marine x3  
  163  10:21  Widow Mine  
  163  10:22  Medivac  
  161  10:30  Marine x4  
  161  10:32  Marine x2  
  161  10:33  Widow Mine x2  
  161  10:35  Sensor Tower  
  171  10:37  Drilling Claws  
  171  10:38  Marine x3  
  174  10:43  Widow Mine  
  174  10:46  Supply Depot  
  174  10:47  Supply Depot  
  174  10:48  Marine x3  
  174  10:49  Marine  
  179  10:50  Marine x2  
  179  10:53  SCV x3  
  179  10:56  Marine x3  
  174  11:05  Widow Mine x2  
  174  11:06  Widow Mine, Marine x3  
  174  11:07  Marine  
  174  11:08  Marine x2  
  186  11:14  Marine x2  
  186  11:16  Barracks  
  188  11:18  Barracks  
  188  11:19  Barracks  
  170  11:33  Marauder, Marine x6  
  170  11:44  Marine x2  
  170  11:45  Widow Mine  
  170  11:46  Widow Mine x2  
  162  11:51  Marine x2  
  162  11:53  SCV x2  
  162  11:54  SCV  
  154  11:55  Marauder  
  149  12:07  Widow Mine x3, Planetary Fortress  
  149  12:08  SCV x3  
  151  12:16  Barracks Tech Lab x2, Marauder  
  151  12:17  Terran Infantry Weapons Level 3, Terran Infantry Armor Level 3, Barracks Tech Lab  
  151  12:22  Marine x6  
  159  12:23  Medivac x2  
  163  12:34  SCV x3  
  162  12:38  Marauder x3, Marine x3  
  162  12:40  Marine  
  174  12:44  Widow Mine x3  
  178  12:53  Medivac x2  
  178  12:56  Marauder  
  178  12:58  Marine x8  
  155  12:59  Marauder  
  155  13:00  Marauder x2  
  154  13:06  Widow Mine x3  
  155  13:17  Marine x4  
  155  13:18  Marauder  
  145  13:21  Marauder x3  
  145  13:22  Marine x2  
  145  13:23  Medivac  
  145  13:26  SCV  
  147  13:28  SCV  
  132  13:39  Marauder  
  134  13:42  Marauder x2  
  136  13:48  Marauder  
  136  13:49  Marine  
  137  14:00  Marauder  
  139  14:04  Widow Mine, Marauder  
  139  14:05  Widow Mine x2  
  139  14:06  Marauder  
  149  14:11  Marauder, Marine  
  149  14:13  Marine  
  153  14:22  Marauder  
  155  14:25  Marauder, Orbital Command  
  155  14:26  Widow Mine x2  
  127  14:43  Marine x4  
  127  14:44  Marauder x2  
  127  14:45  Marine x4  
  121  14:53  Orbital Command  
  119  15:03  Marauder x2, Marine  
  119  15:05  Marauder x2  
  125  15:11  Marine x3  
  126  15:24  Orbital Command  
  126  15:25  Marauder  
  126  15:34  Marauder x3, Marine x2  
  132  15:42  Marine x4  
  132  15:46  Marauder  
  134  15:55  Marauder  
  126  15:59  Marauder x2, Marine x4  
  126  16:02  Marine x2  
  136  16:08  Marauder  
  138  16:13  Widow Mine x2  
  138  16:17  Marauder, Marine x4  
  148  16:20  Marauder  
  148  16:21  Marauder  
  148  16:22  Marine x2  
Tags
 
Add a new tag
Caveats
  • Supply blocks, unpowered buildings, or Contaminate may cause inaccurate times.
  • Supply counts are checked every 10 seconds.